 Dungeon Crawl Stone Soup version 0.26-a0-712-ga5a9c9c9d0 (webtiles) character file.

Game seed: 6041536769044674153

191 Apogee the Cudgeler (level 5, 0/33 HPs)
             Began as a Tengu Berserker on Nov 13, 2020.
             Was a Believer of Trog.
             Slain by a jackal (2 damage)
             ... on level 3 of the Dungeon.
             The game lasted 00:02:32 (2598 turns).

Apogee the Cudgeler (Tengu Berserker)               Turns: 2598, Time: 00:02:32

Health: 0/33       AC:  2    Str: 18    XL:     5   Next: 70%
Magic:  6/6        EV: 12    Int:  7    God:    Trog [**....]
Gold:   114        SH:  0    Dex: 14    Spells: 4/4 levels left

rFire    . . .     SeeInvis .   a - +0 mace
rCold    . . .     Faith    .   (no shield)
rNeg     . . .     Spirit   .   b - +0 animal skin
rPois    .         Reflect  .   (helmet restricted)
rElec    .         Harm     .   (no cloak)
rCorr    .         Rampage  .   (no gloves)
MR       .....                  (boots unavailable)
Stlth    +.........             (no amulet)
HPRegen  0.11/turn              (no ring)
MPRegen  0.10/turn              (no ring)

@: brilliant, berserk cooldown, stab, very slightly contaminated, invisible
A: beak, talons 3, able to fly
a: Fly, Berserk, Trog's Hand, Renounce Religion


You were on level 3 of the Dungeon.
You worshipped Trog.
Trog was pleased with you.
You visited 1 branch of the dungeon, and saw 3 of its levels.

You collected 114 gold pieces.

Inventory:

Hand Weapons
 a - a +0 mace (weapon)
Missiles
 e - 39 stones (quivered)
Armour
 b - a +0 animal skin (worn)
 d - a +0 buckler
   (You found it on level 1 of the Dungeon)
Jewellery
 j - an uncursed ring of wizardry {unknown}
   (You found it on level 2 of the Dungeon)
Scrolls
 c - 7 scrolls of identify {unknown}
 g - a scroll of teleportation {unknown}
 i - a scroll of remove curse {unknown}


   Skills:
 + Level 4.2 Fighting
 * Level 5.9 Maces & Flails
 - Level 2.1 Armour
 - Level 2.1 Dodging


You had 4 spell levels left.
You didn't know any spells.
Your spell library was empty.

Dungeon Overview and Level Annotations

Branches:
Dungeon (3/15)

Altars:
Makhleb


Innate Abilities, Weirdness & Mutations

You have a beak for a mouth.
You have claws for feet.
You can fly continuously.


Message History

The bat misses you. x2
You swing at nothing.
The bat barely misses you.
You swing at nothing.
The bat hits you but does no damage.
A jackal comes into view.
The jackal barely misses you.
You swing at nothing.
The bat misses you. The bat barely misses you.
The jackal bites you but does no damage.
The jackal bites you.
* * * LOW HITPOINT WARNING * * *
The bat closely misses you.
You completely miss the jackal.
The jackal barks!
You claw the jackal. The bat barely misses you. The jackal closely misses you.
The bat closely misses you.
The jackal bites you but does no damage.
The bat hits you but does no damage.
You completely miss the jackal. You claw the jackal.
You kill the jackal!
Trog accepts your kill. The bat hits you.
* * * LOW HITPOINT WARNING * * *
The jackal closely misses you. The bat hits you.
* * * LOW HITPOINT WARNING * * *
You open the door. The bat hits you.
* * * LOW HITPOINT WARNING * * *
The bat hits you but does no damage. The jackal closely misses you.
The bat barely misses you. The jackal barely misses you.
The bat closely misses you.
There is an open door here.
Unknown command.
Unknown command.
You aren't carrying any items that you can evoke.
It was a potion of brilliance.
You feel clever all of a sudden. The bat barely misses you.
The bat hits you but does no damage.
You completely miss the bat. Your peck misses the bat.
You feel yourself speed up. The bat hits you but does no damage. x3
It was a potion of stabbing.
You feel ready to backstab. The bat hits you but does no damage.
It was a potion of invisibility.
You fade into invisibility!
The bat barely misses you. The jackal barely misses you.
You are very lightly contaminated with residual magic.
You hit the jackal. Your kick misses the jackal.
The jackal bites you but does no damage.
The helpless jackal fails to defend itself.
You hit the jackal. The jackal bites you.
You die...

....... ....... .......
#......####+### ........
#......#......# #.##.#.
.....o.#......# #.#....
#......#......####.#..####
#.....)......)@hb........#
#####.........##†#.#..##.#.#
#####.....#+####...........#
#.........# #.......#.#
#.........# #.#.##..#.#
##.........#
#.#.##..#.######
##..........#
........)......#
........#<#.#.#
.#########.####.#
............#.##. #.##.#


You could see a jackal and a bat.

Vanquished Creatures
  A sky beast (D:3)
  A jelly (D:3)
  3 dart slugs
  A leopard gecko (D:2)
  3 orcs (D:3)
  A ball python (D:1)
  6 giant cockroaches
  7 hobgoblins
  5 jackals
  7 bats
  2 frilled lizards
  4 goblins
  12 kobolds
  5 rats
58 creatures vanquished.

Notes
Turn   | Place    | Note
-------+----------+-------------------------------------------
     0 | D:1      | Apogee the Tengu Berserker began the quest for the Orb.
     0 | D:1      | Reached XP level 1. HP: 14/14 MP: 2/2
    30 | D:1      | Reached XP level 2. HP: 19/19 MP: 3/3
   367 | D:1      | Reached skill level 4 in Maces & Flails
   814 | D:1      | Reached XP level 3. HP: 23/23 MP: 4/4
  1151 | D:2      | Reached ** piety under Trog
  1353 | D:2      | Found a burning altar of Makhleb.
  1983 | D:2      | Reached XP level 4. HP: 19/28 MP: 5/5
  2464 | D:3      | Reached skill level 5 in Maces & Flails
  2541 | D:3      | Noticed a sky beast
  2558 | D:3      | HP: 1/43 [something (5)]
  2560 | D:3      | Killed a sky beast
  2560 | D:3      | Gained mutation: You can fly continuously. [Tengu growth]
  2560 | D:3      | Reached XP level 5. HP: 1/33 MP: 6/6
  2590 | D:3      | HP: 1/33 [bat (1)]
  2598 | D:3      | Slain by a jackal

Illustrated notes

Levels and vault maps discovered:
D:1:      elethiomel_arrival_fortress_basement, layout_basic, minmay_misc_feat_x
D:2:      layout_basic, lemuel_doored_altar, ebering_dispersal_statue_hall
D:3:      layout_basic, gup_sewer_entry_spiral

Skill      XL: |  1  2  3  4 |
---------------+-------------+-----
Maces & Flails | 4 5 |  5.9
Fighting       | 4 |  4.2
Armour         | |  2.1
Dodging        | |  2.1

Action                   |  1- 3 |  4- 6 || total
-------------------------+-------+-------++-------
Melee: Mace              |    96 |    30 ||   126
       Kick              |    19 |    11 ||    30
       Peck              |     7 |     3 ||    10
Invok: Berserk           |     2 |     1 ||     3
  Use: Potion            |       |     3 ||     3
 Stab: Sleeping          |       |     1 ||     1
Armor: Animal skin       |    13 |    11 ||    24
Dodge: Dodged            |    62 |    27 ||    89

Table legend: (Time is in decaauts)
 A = Elapsed time spent in this place.
 B = Non-inter-level travel time spent in this place.
 C = Inter-level travel time spent in this place.
 D = Time resting spent in this place.
 E = Time spent auto-exploring this place.
 F = Levels seen in this place.
 G = Mean time per level.
                   A        B        C        D        E       F      G
               +--------+--------+--------+--------+--------+-----+--------+
         Total |   2647 |   2514 |    133 |    278 |   1879 |   3 |  882.3 |
       Dungeon |   2647 |   2514 |    133 |    278 |   1879 |   3 |  882.3 |
               +--------+--------+--------+--------+--------+-----+--------+

Top non-repeatable levels by time:
     D:2: 1371 daAuts
     D:1: 1030 daAuts
     D:3: 245 daAuts
